AoeStats
← bigusdickus

Golden Pit

510038740Analyzed
1v1 RM · 3d ago on Sep 29, 2026· 52m 56s· 2 players
Game mode
Random Map
Map size
Tiny (2 player)
Population
200
Speed
Normal
Resources
Standard
Victory
Conquest
Starting age
Dark Age
Ending age
Imperial Age
RankedLock teamsTeams togetherTeam positionsShared explorationLock speedFull tech treeHidden civsTurbo modeCheats
Victory
Defeat
🇳🇿 Cumans · New Zealand
385
+21
🇺🇸 Byzantines · United States
508
-21
bigusdickus
0:41 Loom
13:40 Feudal Age
14:20 Town Watch
15:12 Wheelbarrow
16:46 Double-Bit Axe
17:22 Horse Collar
18:39 Arson
19:14 Man-at-Arms
22:13 Fletching
22:34 Forging
22:35 Stone Mining
23:57 Scale Mail Armor
27:34 Gold Mining
30:06 Castle Age
31:58 Iron Casting
31:23 Long Swordsman
32:08 Squires
32:02 Pikeman
36:11 Hand Cart
38:32 Chain Mail Armor
51:50 Town Patrol
52:35 Gold Shaft Mining
jeremy.z
0:36 Loom
13:58 Feudal Age
21:00 Castle Age
29:06 Imperial Age
27:18 Fletching
28:03 Ballistics
29:50 Murder Holes
32:25 Conscription
Connection lost

Rejoining the realm…

Still unreachable

The connection could not be restored.

Session expired

The server has moved on; the page needs a fresh start.